 Dungeon Crawl Stone Soup version 0.27-a0-1066-g29160eaed2 (webtiles) character file.

Game seed: 5447881546113478353

175 Lakar the Digger (level 5, -1/28 HPs)
             Began as a Gargoyle Earth Elementalist on Apr 24, 2021.
             Splashed by a jelly's acid (4 damage)
             ... on level 4 of the Dungeon.
             The game lasted 00:05:49 (4092 turns).

Lakar the Digger (Gargoyle Earth Elementalist)      Turns: 4092, Time: 00:05:50

Health: -1/28      AC:  2    Str: 11    XL:     5   Next: 55%
Magic:  3/10       EV: 11    Int: 17    God:
Gold:   93         SH:  5    Dex: 10    Spells: 2/11 levels left

rFire    . . .     SeeInvis .   a - +1 dagger
rCold    . . .     Faith    .   (no shield)
rNeg     + . .     Spirit   .   c - +0 robe
rPois    ∞         Reflect  +   (no helmet)
rElec    +         Harm     .   (no cloak)
rCorr    +         Rampage  .   (no gloves)
Will     .....                  (no boots)
Stlth    ++........             d - amulet of reflection
HPRegen  0.09/turn              i - ring of resist corrosion
MPRegen  0.12/turn              (no ring)

@: corroded
A: AC +4, negative energy resistance 1, electricity resistance, torment
resistance 1, unbreathing 1, petrification resistance
a: no special abilities


You were on level 4 of the Dungeon.
You visited 1 branch of the dungeon, and saw 4 of its levels.

You collected 93 gold pieces.

Inventory:

Hand Weapons
 a - a +1 dagger (weapon)
Missiles
 b - 3 stones
Armour
 c - a +0 robe (worn)
Jewellery
 d - an amulet of reflection (around neck)
 i - a ring of resist corrosion (left hand)
Scrolls
 f - a scroll of amnesia
 l - 2 scrolls of enchant weapon
Potions
 e - a potion of magic {unknown}
 g - a potion of haste {unknown}
 h - a potion of curing {unknown}
 j - a potion of brilliance {unknown}
 k - a potion of might {unknown}
 m - a potion of heal wounds {unknown}


   Skills:
 - Level 1.5 Dodging
 - Level 2.1 Stealth
 + Level 3.5 Spellcasting
 + Level 2.3 Conjurations
 - Level 0.7 Transmutations
 + Level 5.4 Earth Magic


You had 2 spell levels left.
You knew the following spells:

 Your Spells              Type           Power      Damage    Failure   Level
a - Sandblast             Erth           42%        2d11      1%          1
b - Stone Arrow           Conj/Erth      32%        3d9       11%         3
c - Lee's Rapid Deconstr  Erth           10%        3d9*      45%         5

Your spell library contained the following spells:

 Spells                   Type           Power      Damage    Failure   Level
 Passwall                 Tmut/Erth      10%        N/A       7%          2
 Petrify                  Tmut/Erth      13%        N/A       43%         4


Dungeon Overview and Level Annotations

Branches:
Dungeon (4/15)
 Temple: D:4-7

Altars:
Ru

Shops:
D:2 [


Innate Abilities, Weirdness & Mutations

Your stone body is resilient. (AC +4)
You are immune to poison.
You resist negative energy. (rN+)
You are resistant to electric shocks. (rElec)
You are resistant to unholy torment.
You can survive without breathing.
You are immune to petrification.


Message History

Aim: an iguana (severely wounded, 83% to hit)
The blast of sand hits the iguana but does no damage.
The iguana is severely wounded.
The iguana closely misses you.
Casting: Sandblast (safe; 1% risk of failure)
Confirm with . or Enter, or press ? or * to list all spells.
Aiming: Sandblast (safe; 1% risk of failure)
Press: ? - help, Shift-Dir - straight line, f/p - iguana
Aim: an iguana (severely wounded, 83% to hit)
The blast of sand hits the iguana.
The iguana is almost dead.
You block the iguana's attack.
Casting: Sandblast (safe; 1% risk of failure)
Confirm with . or Enter, or press ? or * to list all spells.
Aiming: Sandblast (safe; 1% risk of failure)
Press: ? - help, Shift-Dir - straight line, f/p - iguana
Aim: an iguana (almost dead, 83% to hit)
The blast of sand hits the iguana but does no damage.
The iguana is almost dead.
The jelly barely misses you. The iguana bites you.
Casting: Sandblast (safe; 1% risk of failure)
Confirm with . or Enter, or press ? or * to list all spells.
Aiming: Sandblast (safe; 1% risk of failure)
Press: ? - help, Shift-Dir - straight line, f/p - iguana
Aim: an iguana (almost dead, 83% to hit)
The blast of sand hits the iguana but does no damage.
The iguana is almost dead.
The jelly misses you. The iguana bites you!
* * * LOW HITPOINT WARNING * * *
Casting: Sandblast (safe; 1% risk of failure)
Confirm with . or Enter, or press ? or * to list all spells.
Aiming: Sandblast (safe; 1% risk of failure)
Press: ? - help, Shift-Dir - straight line, f/p - iguana
Aim: an iguana (almost dead, 83% to hit)
The blast of sand hits the iguana.
You kill the iguana!
The jelly hits you.
* * * LOW HITPOINT WARNING * * *
The acid corrodes you!
You are splashed with acid.
You resist.
You die...

#.......#
####....)..#
........†..#
...####.#####
#####...#...##
##.........##
#...........#
###...........##
....$.?.@.......
####....J†...###
##...#..)....
###.##..#.## #.#
...... #.#
#.#.## #.# .#$#$
... .# ##


You could see a jelly.

Vanquished Creatures
  A bullfrog skeleton (D:4)
  An iguana (D:4)
  An orc wizard (D:3)
  6 adders
  2 worms
  2 orcs (D:3)
  4 ball pythons
  7 endoplasms
  4 giant cockroaches (D:1)
  4 goblins
  6 hobgoblins
  3 quokkas
  5 bats
  3 frilled lizards
  9 kobolds
  8 rats
66 creatures vanquished.

Notes
Turn   | Place    | Note
-------+----------+-------------------------------------------
     0 | D:1      | Lakar the Gargoyle Earth Elementalist began the quest for
                  | the Orb.
     0 | D:1      | Reached XP level 1. HP: 10/10 MP: 3/3
   291 | D:1      | Reached XP level 2. HP: 4/15 MP: 0/5
   301 | D:1      | Reached skill level 4 in Earth Magic
  1249 | D:1      | Reached XP level 3. HP: 18/19 MP: 6/6
  1849 | D:1      | Learned a level 3 spell: Stone Arrow
  1911 | D:2      | Found Vaturph's Armour Shop.
  2314 | D:2      | Reached XP level 4. HP: 24/24 MP: 2/8
  2401 | D:2      | Found a faded altar of an unknown god.
  2404 | D:2      | Reached skill level 1 in Conjurations
  3351 | D:3      | Found a sacrificial altar of Ru.
  3358 | D:3      | Reached skill level 5 in Earth Magic
  3358 | D:3      | Reached XP level 5. HP: 27/28 MP: 3/9
  3869 | D:3      | Learned a level 5 spell: Lee's Rapid Deconstruction
  4092 | D:4      | Splashed by a jelly's acid

Illustrated notes

Levels and vault maps discovered:
D:1:      lightli_arrival_noodles, layout_loops_ring, st_stairs_14
D:2:      wad_pebble_path, layout_loops_ring, basic_ecumenical_altar,
          serial_shops, shop
D:3:      layout_basic, nicolae_ru_great_annihilating_truth
D:4:      layout_rooms, minmay_surrounded

Skill      XL: |  1  2  3  4  5 |
---------------+----------------+-----
Earth Magic    | 4 5 |  5.4
Spellcasting   | 3 |  3.5
Conjurations   | 1 2 |  2.3
Dodging        | |  1.5
Stealth        | |  2.1
Transmutations | |  0.7

Action                   |  1- 3 |  4- 6 || total
-------------------------+-------+-------++-------
Melee: Unarmed           |     4 |       ||     4
       Dagger            |    81 |    45 ||   126
 Cast: Sandblast         |    41 |    36 ||    77
  Use: Scroll            |     1 |     5 ||     6
 Stab: Sleeping          |     1 |     2 ||     3
Armor: Robe              |    39 |    10 ||    49
Dodge: Dodged            |    62 |    31 ||    93
Block: Other             |    21 |    17 ||    38
       Reflection        |       |     1 ||     1

Table legend: (Time is in decaauts)
 A = Elapsed time spent in this place.
 B = Non-inter-level travel time spent in this place.
 C = Inter-level travel time spent in this place.
 D = Time resting spent in this place.
 E = Time spent auto-exploring this place.
 F = Levels seen in this place.
 G = Mean time per level.
                   A        B        C        D        E       F      G
               +--------+--------+--------+--------+--------+-----+--------+
         Total |   4091 |   3894 |    197 |    489 |   2894 |   4 | 1022.8 |
       Dungeon |   4091 |   3894 |    197 |    489 |   2894 |   4 | 1022.8 |
               +--------+--------+--------+--------+--------+-----+--------+

Top non-repeatable levels by time:
     D:1: 1907 daAuts
     D:2: 1043 daAuts
     D:3: 959 daAuts
     D:4: 181 daAuts
